Map: Cosmic Sapphire

Players

soO

  • Race: Zerg Zerg
  • Spawn Location: 11:00

Harstem - Winner!

  • Race: Protoss Protoss
  • Spawn Location: 5:00

Event: DreamHack SC2 Masters 2022 Atlanta (Offline)

VOD

Have the link to the VOD?

Description

Time

  • Played on: Nov. 18, 2022, 3:28 p.m.
  • Length: 23:08

All games in this series

Show
View Real Time Build Order
Export as new Build Order

soO Zerg 

Build Orders: Hatch First, Brood Lord Corruptor 

Get SALT Encoding   

  12  0:00  Drone  
  13  0:11  Overlord  
  13  0:16  Drone  
  14  0:30  Drone x2  
  16  0:47  Hatchery  
  15  0:51  Drone  
  15  0:54  Drone  
  17  0:57  Drone  
  18  1:08  Extractor  
  17  1:13  Spawning Pool  
  17  1:16  Drone  
  17  1:19  Drone  
  18  1:27  Drone  
  19  1:38  Drone  
  20  1:48  Drone  
  21  1:59  Queen  
  21  2:00  Zergling x2, Queen  
  21  2:01  Zergling x2  
  27  2:09  Overlord  
  27  2:11  Metabolic Boost, Drone  
  28  2:28  Drone x2  
  30  2:32  Hatchery  
  30  2:33  Drone  
  30  2:35  Drone  
  31  2:42  Queen  
  33  2:48  Overlord  
  33  2:50  Drone  
  34  2:54  Drone x2  
  36  3:05  Queen, Overlord  
  36  3:07  Drone  
  36  3:09  Drone  
  36  3:10  Drone  
  41  3:13  Drone  
  41  3:18  Drone  
  41  3:19  Drone  
  44  3:22  Queen  
  47  3:27  Drone  
  47  3:28  Drone  
  48  3:35  Zergling x2  
  48  3:40  Zergling x4  
  51  3:43  Overlord  
  51  3:45  Drone x2  
  51  3:48  Evolution Chamber  
  52  3:50  Drone x4  
  52  3:51  Drone  
  52  3:55  Drone  
  58  3:57  Spore Crawler  
  58  3:58  Spore Crawler  
  56  4:02  Queen  
  56  4:04  Drone x2  
  56  4:08  Overlord  
  60  4:11  Drone  
  60  4:13  Drone, Overlord  
  60  4:14  Drone  
  63  4:19  Drone, Zerg Melee Weapons Level 1  
  63  4:21  Drone  
  63  4:24  Drone  
  66  4:27  Overlord  
  66  4:29  Drone  
  66  4:30  Drone x2  
  69  4:31  Drone  
  69  4:34  Drone  
  68  4:38  Overlord  
  68  4:39  Drone  
  68  4:44  Lair  
  69  4:47  Overlord  
  69  4:49  Overlord  
  69  4:51  Spore Crawler  
  68  4:53  Drone x3  
  68  4:58  Zergling x8  
  74  5:03  Drone x2  
  74  5:04  Drone  
  73  5:09  Drone x2  
  73  5:13  Extractor  
  74  5:14  Extractor  
  74  5:15  Drone  
  74  5:17  Extractor  
  74  5:18  Drone  
  74  5:20  Drone x4  
  78  5:22  Hatchery  
  78  5:24  Drone x3  
  78  5:25  Drone x2  
  78  5:27  Drone  
  78  5:28  Extractor  
  82  5:29  Extractor  
  82  5:31  Drone x2  
  82  5:34  Drone  
  84  5:42  Zergling x4  
  86  5:44  Overlord  
  86  5:47  Spire  
  84  5:50  Zergling x8  
  84  5:53  Overlord  
  84  5:54  Queen  
  84  5:56  Zergling x12  
  96  6:05  Zergling x6  
  98  6:17  Zergling x8  
  99  6:22  Queen x2  
  99  6:24  Spore Crawler  
  98  6:27  Spore Crawler x2  
  98  6:30  Queen  
  96  6:35  Drone  
  96  6:36  Drone  
  96  6:38  Drone x2  
  98  6:41  Overlord  
  92  7:00  Drone  
  92  7:01  Corruptor x10, Hydralisk Den  
  111  7:13  Overlord  
  111  7:17  Overlord  
  111  7:19  Zerg Melee Weapons Level 2  
  111  7:21  Drone x10  
  121  7:33  Drone  
  121  7:34  Grooved Spines  
  121  7:36  Zergling x18  
  125  7:47  Overseer  
  125  7:48  Hydralisk x7  
  139  7:52  Overlord  
  139  7:55  Spore Crawler  
  138  8:00  Overlord  
  138  8:01  Hydralisk x3  
  138  8:04  Overlord  
  144  8:09  Overlord x2  
  144  8:10  Baneling Nest  
  143  8:14  Drone x3  
  143  8:18  Hydralisk x4  
  143  8:19  Zergling x2  
  155  8:24  Overlord  
  155  8:33  Hydralisk x3  
  155  8:34  Hydralisk  
  157  8:38  Hydralisk x2  
  164  8:43  Hydralisk x2  
  164  8:44  Zergling x6  
  164  8:45  Muscular Augments  
  164  8:47  Hatchery  
  170  8:57  Centrifugal Hooks  
  170  9:03  Zergling x12  
  170  9:08  Overlord  
  172  9:15  Baneling  
  172  9:16  Zergling x8, Baneling x15  
  176  9:21  Overlord  
  176  9:25  Overlord  
  176  9:27  Overseer  
  176  9:30  Drone x3  
  176  9:31  Drone x3  
  178  9:34  Zergling x16  
  184  9:39  Infestation Pit  
  184  9:43  Baneling x9  
  184  9:44  Zerg Missile Weapons Level 1  
  183  9:48  Drone x3  
  186  10:07  Zergling x28  
  199  10:16  Spore Crawler, Drone  
  199  10:19  Baneling x12  
  195  10:34  Zergling x22  
  197  10:46  Baneling  
  191  10:57  Zergling x20  
  191  10:59  Hive  
  198  11:04  Lurker Den  
  189  11:15  Drone x2  
  185  11:20  Queen  
  184  11:26  Drone x3  
  184  11:27  Drone  
  184  11:30  Zergling x28  
  200  11:34  Baneling x6  
  200  11:47  Zerg Missile Weapons Level 2  
  196  12:14  Adrenal Glands  
  196  12:15  Seismic Spines  
  192  12:18  Evolution Chamber  
  191  12:23  Baneling x13  
  191  12:25  Zergling x16  
  198  12:33  Greater Spire  
  171  12:45  Zergling x62  
  171  12:50  Baneling x12  
  194  12:53  Zergling x10  
  199  12:59  Overlord  
  199  13:01  Overlord  
  199  13:05  Overlord  
  199  13:06  Baneling x6  
  199  13:07  Baneling x7  
  199  13:12  Adaptive Talons  
  199  13:32  Extractor  
  199  13:34  Extractor  
  186  13:55  Drone x2  
  186  13:56  Drone x2, Extractor  
  184  14:03  Zerg Melee Weapons Level 3  
  184  14:04  Brood Lord x8  
  194  14:12  Hatchery  
  194  14:15  Spine Crawler x3  
  194  14:16  Spine Crawler  
  189  14:17  Zerg Missile Weapons Level 3  
  189  14:27  Zergling x22  
  185  14:48  Corruptor  
  185  14:49  Corruptor x9  
  198  15:01  Zerg Flyer Weapons Level 1  
  198  15:04  Overseer  
  198  15:08  Spire  
  197  15:22  Baneling x12  
  197  15:23  Baneling x3  
  197  15:27  Spore Crawler  
  194  15:42  Drone x2  
  196  15:48  Zergling x8  
  198  16:08  Spine Crawler x2  
  198  16:09  Spine Crawler x2  
  192  16:13  Drone x3  
  192  16:16  Corruptor x4  
  196  16:20  Hatchery  
  195  16:32  Spore Crawler  
  194  16:34  Zergling x12  
  200  16:41  Pneumatized Carapace  
  200  16:44  Zerg Flyer Armor Level 1  
  199  16:52  Overseer x3  
  199  16:53  Hatchery  
  196  17:19  Zergling x6  
  199  17:37  Spore Crawler  
  199  17:39  Spore Crawler x2  
  199  17:40  Spore Crawler x2  
  199  17:41  Spore Crawler  
  193  17:44  Spore Crawler  
  193  17:45  Spore Crawler  
  193  17:46  Spore Crawler x2, Zergling x2  
  193  17:47  Zergling x20  
  186  17:59  Zergling x2  
  186  18:00  Zergling x26  
  200  18:10  Pathogen Glands  
  200  18:15  Hatchery  
  190  18:28  Viper x2  
  196  18:36  Zerg Ground Armor Level 1  
  181  18:56  Drone x3  
  181  18:59  Infestor  
  181  19:00  Infestor x3  
  189  19:04  Drone x5  
  189  19:05  Drone x5  
  189  19:06  Neural Parasite  
  189  19:07  Drone  
  197  19:17  Spore Crawler  
  197  19:18  Spore Crawler  
  197  19:20  Drone x2  
  197  19:23  Drone  
  198  19:24  Spine Crawler  
  198  19:25  Spine Crawler  
  198  19:26  Spine Crawler  
  198  19:27  Spine Crawler  
  189  19:43  Drone  
  189  19:44  Zerg Flyer Armor Level 2  
  189  19:49  Drone x2, Spire  
  189  19:52  Drone x3  
  193  19:53  Spore Crawler  
  193  19:54  Spore Crawler x3, Drone x2  
  193  19:55  Spore Crawler  
  193  19:56  Spore Crawler  
  193  19:57  Spore Crawler  
  193  19:59  Corruptor x3  
  188  20:00  Corruptor  
  186  20:27  Zergling x24  
  194  20:47  Baneling x15  
  194  20:48  Hatchery  
  193  20:51  Zerg Ground Armor Level 2  
  193  20:52  Spore Crawler  
  193  20:53  Spore Crawler  
  193  20:54  Spore Crawler  
  193  20:55  Spore Crawler  
  189  20:59  Baneling x2  
  189  21:00  Spore Crawler x3, Baneling x4  
  189  21:01  Spore Crawler x2  
  189  21:02  Spore Crawler  
  189  21:03  Spore Crawler x2  
  181  21:05  Zergling x38  
  198  21:18  Spore Crawler  
  198  21:19  Spore Crawler  
  198  21:20  Spore Crawler  
  198  21:21  Spore Crawler x2  
  192  21:28  Infestor x3  
  150  22:13  Zergling x30  
  159  22:19  Spore Crawler  
  159  22:20  Spore Crawler  
  147  22:35  Hydralisk x4  
  147  22:36  Zergling x24  
Show
View Real Time Build Order
Export as new Build Order

Harstem Protoss - Winner!

Build Orders: 1 Gate Expand, Oracle Opening, Carriers, Zealot Archon 

Get SALT Encoding   

  12  0:00  Probe  
  13  0:12  Probe  
  14  0:18  Pylon  
  14  0:24  Probe  
  14  0:27  Assimilator  
  15  0:36  Probe (Chrono Boost)  
  16  0:46  Probe (Chrono Boost)  
  16  0:47  Gateway  
  17  0:51  Probe (Chrono Boost)  
  18  1:03  Probe  
  19  1:15  Probe  
  20  1:23  Nexus  
  20  1:34  Cybernetics Core  
  20  1:35  Probe  
  21  1:40  Assimilator  
  21  1:47  Probe  
  21  1:50  Pylon  
  22  1:59  Probe (Chrono Boost)  
  23  2:10  Adept  
  23  2:12  Probe (Chrono Boost), Stargate  
  26  2:20  Probe (Chrono Boost)  
  26  2:22  Warp Gate  
  27  2:26  Probe (Chrono Boost)  
  28  2:36  Probe (Chrono Boost)  
  30  2:38  Probe (Chrono Boost)  
  30  2:40  Stalker  
  33  2:44  Probe (Chrono Boost)  
  33  2:45  Probe (Chrono Boost)  
  33  2:49  Probe (Chrono Boost)  
  35  2:52  Probe  
  35  2:58  Oracle  
  39  3:01  Probe  
  39  3:04  Probe  
  41  3:13  Probe  
  41  3:16  Probe  
  43  3:22  Nexus  
  43  3:25  Pylon  
  43  3:29  Probe x2  
  45  3:41  Oracle (Chrono Boost), Probe  
  46  3:44  Shield Battery  
  46  3:45  Probe  
  50  3:52  Pylon  
  50  3:53  Probe  
  51  3:56  Assimilator  
  51  3:57  Probe  
  51  3:58  Assimilator  
  52  4:05  Probe  
  52  4:06  Stargate  
  52  4:09  Probe  
  54  4:14  Adept  
  56  4:17  Probe  
  56  4:21  Probe, Pylon  
  58  4:28  Gateway  
  58  4:29  Probe  
  59  4:33  Probe (Chrono Boost)  
  59  4:37  Adept  
  63  4:38  Probe (Chrono Boost)  
  63  4:45  Probe (Chrono Boost)  
  65  4:47  Probe (Chrono Boost)  
  65  4:51  Phoenix (Chrono Boost), Probe (Chrono Boost)  
  70  4:54  Phoenix (Chrono Boost), Probe (Chrono Boost)  
  70  4:59  Probe x2 (Chrono Boost)  
  73  5:02  Probe (Chrono Boost)  
  73  5:04  Adept, Probe (Chrono Boost)  
  73  5:06  Probe  
  76  5:07  Phoenix (Chrono Boost), Pylon  
  76  5:11  Probe  
  79  5:14  Probe  
  79  5:18  Probe  
  79  5:20  Phoenix (Chrono Boost)  
  81  5:21  Assimilator  
  81  5:24  Probe, Pylon  
  81  5:25  Assimilator  
  81  5:26  Probe  
  85  5:30  Adept x2, Probe  
  85  5:32  Phoenix (Chrono Boost)  
  92  5:36  Probe  
  92  5:39  Forge  
  92  5:41  Phoenix (Chrono Boost)  
  92  5:42  Probe x2, Pylon  
  97  5:48  Probe  
  98  5:52  Phoenix (Chrono Boost)  
  100  5:59  Twilight Council  
  100  6:02  Phoenix (Chrono Boost), Gateway  
  102  6:04  Pylon  
  102  6:07  Phoenix (Chrono Boost)  
  102  6:10  Probe  
  105  6:11  Zealot x2  
  107  6:21  Probe  
  107  6:22  Phoenix  
  107  6:25  Probe  
  111  6:30  Protoss Ground Weapons Level 1 (Chrono Boost)  
  111  6:31  Gateway  
  111  6:32  Zealot x2  
  116  6:33  Gateway, Photon Cannon, Probe  
  116  6:37  Templar Archives, Probe  
  116  6:39  Charge (Chrono Boost)  
  117  7:03  Probe, Pylon x2  
  117  7:05  Psionic Storm, Pylon  
  117  7:08  Nexus  
  117  7:11  Pylon  
  117  7:12  Gateway x2  
  117  7:21  Probe x3  
  120  7:24  High Templar  
  120  7:25  High Templar, Pylon  
  120  7:26  High Templar x2  
  120  7:29  Archon  
  128  7:30  Zealot, Photon Cannon, Pylon  
  128  7:37  Probe  
  131  7:44  Archon  
  131  7:52  Probe  
  131  7:54  Assimilator  
  131  7:57  Shield Battery  
  130  7:59  Shield Battery, Assimilator  
  130  8:00  High Templar x2  
  130  8:01  Photon Cannon, High Templar  
  130  8:02  High Templar  
  130  8:03  Zealot  
  130  8:04  Shield Battery  
  130  8:05  Protoss Air Weapons Level 1 (Chrono Boost)  
  140  8:06  Photon Cannon  
  140  8:07  Archon x2  
  140  8:08  Zealot x2, Photon Cannon, Probe  
  145  8:14  Gateway  
  145  8:15  Gateway  
  145  8:16  Probe, Pylon  
  145  8:19  Pylon  
  144  8:21  Pylon  
  144  8:25  Probe x2  
  146  8:27  Photon Cannon  
  146  8:31  Zealot, High Templar x2  
  152  8:35  Archon  
  149  8:44  High Templar x3  
  149  8:46  Probe  
  156  8:50  Archon  
  156  8:52  Stalker x2  
  156  8:53  Probe  
  161  8:59  Nexus, Probe, Pylon  
  161  9:01  Assimilator  
  162  9:05  Assimilator  
  162  9:13  High Templar x3  
  162  9:16  Gateway  
  168  9:19  Gateway, Photon Cannon  
  168  9:20  High Templar  
  168  9:21  Pylon  
  170  9:26  Gateway  
  170  9:28  Pylon  
  170  9:33  High Templar x2  
  170  9:34  Probe x2  
  170  9:36  Protoss Ground Weapons Level 2 (Chrono Boost)  
  176  9:38  Probe  
  176  9:41  Photon Cannon  
  176  9:42  Photon Cannon  
  177  9:51  Robotics Facility  
  177  9:59  Photon Cannon  
  177  10:01  Photon Cannon  
  177  10:02  Photon Cannon  
  177  10:03  Photon Cannon  
  177  10:04  Photon Cannon x2, High Templar x2  
  177  10:05  Shield Battery, Zealot x5  
  177  10:06  Archon  
  187  10:09  Photon Cannon  
  187  10:10  Archon  
  187  10:13  Pylon  
  177  10:15  Probe  
  177  10:18  Fleet Beacon  
  178  10:22  Pylon  
  178  10:24  Stalker x3  
  182  10:34  Photon Cannon  
  170  10:36  Zealot x5  
  170  10:41  Observer (Chrono Boost)  
  179  10:45  Photon Cannon  
  170  10:50  Stalker x2, Blink (Chrono Boost)  
  170  10:51  Stalker x2  
  175  11:00  High Templar x2  
  175  11:01  High Templar x2  
  175  11:05  Archon  
  164  11:17  Archon  
  160  11:18  High Templar x2  
  162  11:25  Archon  
  162  11:26  Zealot x6  
  162  11:30  Nexus, Pylon  
  162  11:32  Warp Prism (Chrono Boost)  
  172  11:34  Pylon  
  172  11:39  Zealot  
  174  11:40  Zealot  
  174  11:45  Protoss Air Weapons Level 2 (Chrono Boost)  
  172  11:54  High Templar x2  
  172  11:55  Observer (Chrono Boost), High Templar x2  
  172  11:57  Zealot x6  
  172  12:00  Archon  
  193  12:07  Zealot x2  
  195  12:14  Observer  
  195  12:18  Archon  
  195  12:19  Zealot x2  
  173  12:48  Zealot x12  
  173  12:50  Warp Prism  
  185  12:55  Nexus  
  185  13:00  Carrier x2 (Chrono Boost)  
  196  13:13  Stalker x2  
  200  13:31  Pylon  
  187  13:36  High Templar x3  
  187  13:37  Protoss Ground Weapons Level 3 (Chrono Boost), Stalker, High Templar x2  
  199  13:44  Archon x2  
  197  13:51  Protoss Air Weapons Level 3 (Chrono Boost)  
  197  13:53  Stargate  
  197  13:57  Zealot x2  
  193  14:05  Nexus, Zealot x3  
  193  14:06  Zealot x3  
  193  14:07  Pylon  
  193  14:13  Carrier (Chrono Boost)  
  197  14:17  Observer  
  197  14:23  Zealot  
  195  14:42  Carrier (Chrono Boost)  
  193  14:47  Zealot x3  
  193  14:49  Carrier (Chrono Boost)  
  193  14:51  Stalker  
  195  14:59  Zealot x2  
  199  15:09  Shield Battery  
  199  15:11  Mothership (Chrono Boost)  
  195  15:29  Zealot x2  
  195  15:31  Photon Cannon  
  198  15:38  Photon Cannon  
  198  15:42  Zealot  
  200  15:47  Photon Cannon  
  200  15:48  Assimilator  
  200  15:50  Assimilator  
  200  16:04  Photon Cannon  
  194  16:05  Shield Battery  
  194  16:06  Zealot x3  
  200  16:14  Zealot  
  200  16:26  Observer  
  200  16:28  Protoss Shields Level 1 (Chrono Boost)  
  200  16:32  Protoss Air Armor Level 1 (Chrono Boost)  
  200  16:36  Photon Cannon  
  200  16:37  Observer (Chrono Boost)  
  200  16:39  Photon Cannon  
  200  16:41  Pylon  
  192  16:57  Oracle  
  193  17:02  Carrier  
  197  17:21  Zealot x3  
  199  17:24  Observer (Chrono Boost)  
  200  17:50  Nexus  
  200  17:54  Pylon  
  190  18:00  Carrier  
  195  18:16  Stalker x2  
  194  18:30  Zealot x2  
  194  18:31  Zealot  
  190  18:50  Photon Cannon  
  190  18:51  Shield Battery  
  190  18:54  Photon Cannon  
  190  18:55  Photon Cannon, Pylon  
  184  18:56  Nexus  
  184  18:57  Pylon  
  182  19:07  Zealot x8  
  187  19:19  Carrier (Chrono Boost)  
  197  19:29  Carrier (Chrono Boost), Photon Cannon  
  195  19:31  Photon Cannon  
  195  19:32  Photon Cannon  
  195  19:34  Zealot x4, Photon Cannon, High Templar, Pylon  
  191  19:45  Unknown  
  191  19:48  Photon Cannon  
  191  19:49  Protoss Shields Level 2 (Chrono Boost)  
  191  19:51  Shield Battery  
  191  19:58  Observer (Chrono Boost)  
  192  20:01  Shield Battery, Pylon  
  192  20:08  Oracle  
  191  20:21  Carrier  
  195  20:39  Observer (Chrono Boost)  
  194  21:08  Pylon  
  192  21:11  Pylon  
  192  21:15  Nexus, Zealot x4  
  192  21:16  Assimilator, Pylon  
  200  21:19  Assimilator  
  198  21:26  Observer (Chrono Boost), Pylon  
  198  21:28  Carrier  
  199  21:36  Photon Cannon  
  199  21:37  Photon Cannon  
  199  21:39  Photon Cannon  
  193  21:41  Photon Cannon  
  193  21:43  Shield Battery  
  192  21:49  Zealot x6  
  182  22:42  High Templar x3  
  180  22:55  High Templar x4  
  180  23:04  Archon  
  180  23:05  High Templar x5  
Tags
 
Add a new tag
Caveats
  • Supply blocks, unpowered buildings, or Contaminate may cause inaccurate times.
  • Supply counts are checked every 10 seconds.